Cogmind - Beta 15 @@@ ROGUE MODE // 2025.07.19 @ 08:06:54 Player: Fazzonamite Result: Self-destructed Performance ------------- Evolutions (5) 2500 Regions Visited (14) 2800 Robots Destroyed (130) 650 Value Destroyed (5443) 5443 Prototype IDs (29) 580 Alien Tech Used (0) 0 Bonus (2614) 2614 TOTAL SCORE: 14587 Bonus ------- High Alert Combat Kills 683 Follower Combat Kills 37 Entered Garrisons 600 Used RIF Installer 1000 Aligned with FarCom 300 Friendly Fire -6 Cogmind --------- Core Integrity 366/1000 Matter 300/300 Energy 36/315 System Corruption 0% Temperature Warning (359) Movement Core (400) Ox7 Location -5/Garrison Parts ------- > --- POWER (1) -------- Neutrino Core > --- PROPULSION (4) --- (None) > --- UTILITY (8) ------ Advanced Terrain Scan Processor Improved Hacking Suite Improved Dynamic Insulation System > --- WEAPON (4) ------- Wave Gun > --- INVENTORY (5) ---- (None) Peak State ------------ > --- POWER ------------ Reinforced Fission Core > --- PROPULSION ------- Carbon-fiber Leg Flexi-carbon Leg Flexi-carbon Leg Armored Leg > --- UTILITY ---------- Advanced Heat Sink Huge Storage Unit Improved Targeting Computer Improved Utility Shielding Layered Heavy Armor Plating Improved Dynamic Insulation System > --- WEAPON ----------- Gatling Laser Gauss Rifle Flak Gun > --- INVENTORY -------- Improved Deuterium Engine Micro Nuclear Core Carbon-fiber Leg Surge Thruster Surge Thruster Xenon Bombardment Thruster Advanced Heat Sink Large Matter Pod Machine Analyzer Seismic Detector Improved Hacking Suite Relay Coupler [NC] Relay Coupler [Sentry] Heavy EM Shotgun High-powered Shock Rifle Heavy Assault Rifle AWS/Gauss Heavy Mass Driver Proton Missile Launcher Improved Datajack Remote Datajack Plasma Cutter Powered Hammer [Rating: 74] Favorites ----------- Power Reinforced Fission Core Engine Improved Ion Engine Power Core Reinforced Fission Core Propulsion Armored Treads Treads Armored Treads Leg Armored Leg Wheel Wheel Flight Unit Xenon Bombardment Thruster Utility Huge Storage Unit Device Improved Heat Sink Storage Huge Storage Unit Processor Improved Targeting Computer Hackware Relay Coupler [NC] Protection Hardened Heavy Armor Plating Weapon Light Assault Rifle Energy Gun Improved EM Shotgun Ballistic Gun Light Assault Rifle Ballistic Cannon Heavy Assault Cannon Launcher Rocket Launcher Special Weapon Improved Plasma Cutter Impact Weapon Powered Hammer Special Melee Weapon Improved Datajack Build | -11 -10 -10 -9 -9 -9 -8 -8 -7 -7 -6 -6 -6 -5 -5 ------- Run | Yrd Mat Min Mat Min Exi Min Mat Fac Gar Fac Gar Ext Fac Gar Slots Evolved 10 | . . . 2 . . . 2 2 . 2 . . 2 . Power . | . . . . . . . . . . . . . . . Propulsion 2 | . . . . . . . 1 1 . . . . . . Utility 6 | . . . 2 . . . 1 1 . 1 . . 1 . Weapon 2 | . . . . . . . . . . 1 . . 1 . Parts Attached 114 | 7 3 2 11 4 1 1 21 8 10 2 12 21 6 5 Power 8 | 1 . . 1 1 . . 2 . 1 . . 1 . 1 Engine 3 | 1 . . 1 1 . . . . . . . . . . Core 5 | . . . . . . . 2 . 1 . . 1 . 1 Reactor . | . . . . . . . . . . . . . . . Propulsion 32 | 2 2 . 2 1 . . 8 . 1 1 2 10 1 2 Treads 3 | . . . . . . . 3 . . . . . . . Leg 8 | . . . . . . . . . . 1 2 4 . 1 Wheel 16 | 2 2 . 2 1 . . 5 . 1 . . 3 . . Hover . | . . . . . . . . . . . . . . . Flight 5 | . . . . . . . . . . . . 3 1 1 Utility 41 | 2 1 2 4 1 . 1 5 4 4 . 7 6 4 . Device 17 | 1 . 2 2 . . . 1 2 2 . 3 2 2 . Storage 2 | 1 1 . . . . . . . . . . . . . Processor 8 | . . . . . . 1 1 . 1 . 1 2 2 . Hackware 2 | . . . . . . . . . . . . 2 . . Protection 12 | . . . 2 1 . . 3 2 1 . 3 . . . Artifact . | . . . . . . . . . . . . . . . Weapon 33 | 2 . . 4 1 1 . 6 4 4 1 3 4 1 2 Energy Gun 13 | . . . 1 1 1 . 3 1 2 . 2 1 . 1 Energy Cannon . | . . . . . . . . . . . . . . . Ballistic Gun 9 | 2 . . 2 . . . 2 1 . . . 1 . 1 Ballistic Cannon 2 | . . . . . . . . . 1 . 1 . . . Launcher 5 | . . . 1 . . . 1 2 1 . . . . . Special Weapon 2 | . . . . . . . . . . . . 1 1 . Impact Weapon 1 | . . . . . . . . . . 1 . . . . Slashing Weapon . | . . . . . . . . . . . . . . . Piercing Weapon . | . . . . . . . . . . . . . . . Special Melee Weapon 1 | . . . . . . . . . . . . 1 . . Unidentified Prototypes 4 | . . . 1 . . . 2 1 . . . . . . Corrupted Parts 1 | . . . . . . . . . 1 . . . . . System Corruption 9 | . . . . . . . . . 9 . . . . . Parts Lost 43 | . . . 2 1 . . 4 3 2 . 6 11 . 14 Power 1 | . . . . . . . . . . . . . . 1 Propulsion 19 | . . . 1 . . . 2 2 1 . 2 6 . 5 Utility 17 | . . . 1 1 . . 1 1 1 . 3 3 . 6 Weapon 6 | . . . . . . . 1 . . . 1 2 . 2 Highest Loss Streak 10 | . . . 1 1 . . 1 1 1 . 3 9 . 10 To Critical Strikes . | . . . . . . . . . . . . . . . Average Backups 20 | 3 11 18 22 22 22 21 21 22 22 22 22 20 3 2 Power 1 | 1 1 1 2 1 1 1 1 1 1 1 1 1 . . Propulsion 2 | 1 2 2 3 1 1 1 2 3 1 1 1 3 . . Utility 7 | . 4 7 9 11 11 11 8 6 6 7 7 6 1 . Weapon 7 | . 3 5 6 5 7 6 7 8 10 9 9 6 1 1 Tool/Special . | . . . . . . . . . . . . . . . Unused Backups 33 | . 2 . 7 . . 1 7 2 1 1 2 10 . . Power 4 | . 1 . 1 . . . . 1 . . . 1 . . Propulsion 2 | . . . . . . . . . . . . 2 . . Utility 16 | . 1 . 2 . . 1 4 1 1 . 2 4 . . Weapon 9 | . . . 4 . . . 2 . . 1 . 2 . . Tool/Special 2 | . . . . . . . 1 . . . . 1 . . Average Slot Usage (%) 90 | . 100 100 97 100 81 100 98 99 87 77 85 87 62 64 Engine 3 | . 14 14 11 11 11 11 5 . . . . . . . Core 4 | . . . . . . . 3 7 7 6 6 6 5 4 Treads 8 | . . . . . . . 7 5 20 13 10 3 . . Leg 3 | . . . . . . . . . . 4 10 15 . . Wheel 12 | . 28 28 19 22 22 22 18 24 7 6 3 3 . . Device 14 | . 14 14 22 22 22 18 9 16 15 13 12 12 10 10 Storage 7 | . 14 14 11 11 11 11 9 7 7 6 6 5 . . Processor 3 | . . . . . . 3 17 6 . . 3 6 9 16 Protection 11 | . . . 10 11 11 11 9 12 15 13 13 11 . . Energy Gun 5 | . . . 2 10 2 22 10 6 4 . 3 4 . . Ballistic Gun 7 | . 28 28 19 11 1 . 5 6 3 . 1 8 . . Ballistic Cannon 1 | . . . . . . . . . 2 6 3 . . . Launcher 1 | . . . . . . . 1 . . 5 5 1 . . Peak Build Rating 74 | 9 10 10 18 19 21 22 36 39 52 58 73 74 59 58 Average Rating 40 | 4 9 9 14 18 15 21 29 36 46 54 63 64 44 47 On Entrance 29 | . 9 10 10 16 19 21 22 32 38 49 57 73 25 58 Naked Turns . | . . . . . . . . . . . . . . . Heaviest Build 151 | 13 88 88 99 101 101 101 108 126 138 142 151 151 15 19 Greatest Support 71 | 20 20 20 26 26 26 26 60 40 20 12 51 71 22 22 Greatest Overweight (x) 12 | . 4 4 9 3 3 3 9 4 11 11 12 5 . . Average Overweight (x) 4 | . 3 4 4 3 3 3 3 2 9 11 8 1 . . Largest Inventory Capacity 25 | 8 25 25 25 25 25 25 25 25 25 25 25 25 5 5 Average Capacity 23 | 5 21 25 25 25 25 25 25 25 25 25 25 22 5 5 Most Carried 25 | 8 14 22 25 25 25 24 25 25 25 25 25 25 5 5 Average Carried 22 | 3 11 19 23 23 24 23 23 24 24 24 24 22 4 3 Final Capacity 25 | 8 25 25 25 25 25 25 25 25 25 25 25 5 5 5 Final Carried 25 | 8 14 22 24 22 23 23 25 25 25 25 25 4 4 . Class Distribution -------------------- 34% | Scavenger-Mutant 25% | Mutant 13% | Scavenger-Skirmisher 12% | Tank 5% | Scavenger-Tank 5% | Skirmisher Dominant Class ---------------- Mutant | -10/Materials Mutant | -10/Mines Scavenger-Mutant | -9/Materials Scavenger-Mutant | -9/Mines Scavenger-Mutant | -9/Exiles Scavenger-Mutant | -8/Mines Scavenger-Mutant | -8/Materials Scavenger-Skirmisher | -7/Factory Mutant | -7/Garrison Tank | -6/Factory Tank | -6/Garrison Scavenger-Tank | -6/Extension Scout | -5/Factory Ninja | -5/Garrison Resources | -11 -10 -10 -9 -9 -9 -8 -8 -7 -7 -6 -6 -6 -5 -5 ----------- Run | Yrd Mat Min Mat Min Exi Min Mat Fac Gar Fac Gar Ext Fac Gar Matter Collected 4604 | 278 44 72 185 255 . 55 473 215 1020 58 891 964 . 94 Remotely . | . . . . . . . . . . . . . . . Salvage Created 5134 | 117 52 28 282 186 . 91 1020 264 1161 . 908 975 . 50 Parts 265 | 7 6 5 27 13 . 10 69 8 41 . 35 43 . 1 Haulers Intercepted 1 | . . . . . . . 1 . . . . . . . Recyclers Shooed . | . . . . . . . . . . . . . . . Parts Field Recycled . | . . . . . . . . . . . . . . . Retrieved Matter . | . . . . . . . . . . . . . . . Parts Self-Destructed . | . . . . . . . . . . . . . . . Prevented . | . . . . . . . . . . . . . . . Kills | -11 -10 -10 -9 -9 -9 -8 -8 -7 -7 -6 -6 -6 -5 -5 ------- Run | Yrd Mat Min Mat Min Exi Min Mat Fac Gar Fac Gar Ext Fac Gar Combat Hostiles Destroyed 104 | . 1 . 10 3 . 4 17 5 22 . 25 16 . 1 Guns 52 | . 1 . 7 2 . 2 11 4 8 . 8 8 . 1 Cannons 21 | . . . . . . . . . 5 . 11 5 . . AOE 30 | . . . 3 1 . 2 5 1 9 . 6 3 . . Classes Destroyed 17 | 2 3 1 2 1 . 1 2 2 1 . 1 1 . . Worker 3 | . . . . . . . 2 1 . . . . . . Builder 13 | . . 1 1 2 . . 5 . . . . 4 . . Tunneler 2 | 1 . . . . . . 1 . . . . . . . Hauler 1 | . . . . . . . 1 . . . . . . . Recycler 3 | 1 . . . . . . 1 . . . . 1 . . Mechanic 1 | . 1 . . . . . . . . . . . . . Operator 1 | . . . 1 . . . . . . . . . . . Watcher 2 | . 1 . . . . . 1 . . . . . . . Swarmer 18 | . 1 . 7 . . 3 4 . . . 3 . . . Cutter 2 | . . . . . . . . . . . 2 . . . Grunt 50 | . . . . 3 . . 10 2 16 . 15 4 . . Brawler 2 | . . . . . . . . 1 . . 1 . . . Duelist 4 | . . . . . . . . . 1 . 2 1 . . Sentry 14 | . . . 3 . . . 3 1 2 . . 5 . . Hunter 7 | . . . . . . 1 . . 1 . 1 3 . 1 Programmer 4 | . . . . . . . . 1 2 . 1 . . . Behemoth 1 | . . . . . . . . . . . . 1 . . Thug 1 | . . . . . . . . . . . . 1 . . Savage 1 | . . . . . . . . . . . . 1 . . Best Kill Streak 7 | 2 1 1 5 4 . 3 6 2 7 . 7 6 . 1 Combat Bots Only 7 | . 1 . 4 3 . 3 4 2 7 . 7 6 . 1 Max Kills in Single Turn 4 | 1 1 1 3 1 . 2 4 1 2 . 3 3 . 1 Gunslinging 1 | . . . . . . . . . . . 1 . . . Exploded 3 | . . . 3 1 . 2 2 1 2 . 3 3 . . Melee . | . . . . . . . . . . . . . . . Uniques/NPCs Destroyed . | . . . . . . . . . . . . . . . Combat | -11 -10 -10 -9 -9 -9 -8 -8 -7 -7 -6 -6 -6 -5 -5 -------- Run | Yrd Mat Min Mat Min Exi Min Mat Fac Gar Fac Gar Ext Fac Gar Hostile Shots Fired 820 | . 27 . 49 20 . 9 49 66 121 2 128 236 . 113 Missed 230 | . 7 . 10 5 . 3 9 22 34 . 36 77 . 27 Hits 590 | . 20 . 39 15 . 6 40 44 87 2 92 159 . 86 Melee 4 | . . . . . . . . 1 . . 3 . . . Projectile 586 | . 20 . 39 15 . 6 40 43 87 2 89 159 . 86 AOE 2 | . . . . . . . . . . . 2 . . . Critical Strikes 21 | . . . 1 1 . . 2 2 . . 7 3 . 5 Damage Taken 9290 | . 159 . 465 241 . 114 842 469 1245 20 1817 2303 . 1615 Core 1535 | . 50 . 125 41 . . 49 39 66 10 204 317 . 634 Absorbed by Shields 94 | . . . . . . . . . . . . . . 94 Redirected to Shielding 109 | . . . . . . . . . . . 21 88 . . Ignored by Resistances 78 | . . . . . . . . 61 9 8 . . . . Core Remaining (%) 75 | 100 . 80 . . . 58 91 . 85 . . 37 . . Volleys Fired 360 | 4 12 1 36 10 . 5 55 29 65 . 72 67 . 4 Largest 3 | 2 2 2 2 2 . 2 2 2 2 . 3 3 . 1 Hottest 139 | 40 40 40 68 68 . 90 100 90 113 . 139 136 . 81 Shots Fired 639 | 8 24 2 60 20 . 10 94 58 110 . 104 129 . 20 Gun 494 | 8 24 2 59 20 . 10 90 55 69 . 39 98 . 20 Cannon 89 | . . . . . . . . . 17 . 45 27 . . Launcher 52 | . . . 1 . . . 4 3 24 . 20 . . . Special 4 | . . . . . . . . . . . . 4 . . Kinetic 386 | 8 24 2 56 10 . . 49 26 44 . 57 94 . 16 Thermal 89 | . . . . . . . 4 23 17 . 10 31 . 4 Explosive 35 | . . . 1 . . . 4 2 14 . 14 . . . Electromagnetic 129 | . . . 3 10 . 10 37 7 35 . 23 4 . . Robot Hit Streak 21 | 2 6 4 6 10 . 4 21 12 17 . 9 21 . 16 Robot Miss Streak 12 | 1 4 . 10 2 . 4 4 2 4 . 6 12 . 1 Penetration Max 1 | . . . . . . . . . 1 . . 1 . . Secondary Targets 9 | . 1 . . 2 . . . . 1 . 3 2 . . Max Gunslinging Chain 1 | . 1 . . 1 . . . . 1 . 1 1 . . Autonomous 16 | . . . . . . . . . . . . . . 16 Shots Hit Robots 441 | 4 13 1 32 17 . 7 78 40 72 . 62 97 1 17 Core Hits 315 | 4 7 1 19 8 . 6 46 19 62 . 62 75 . 6 Critical Kills 3 | . 1 . . . . . 1 . 1 . . . . . Critical Parts Destroyed 3 | . . . . 1 . . . . . . . 2 . . Critical Strikes 18 | . 1 . . 1 . . 1 . 6 . 2 6 . 1 Burn 2 | . . . . . . . . . 2 . . . . . Destroy 7 | . 1 . . 1 . . 1 . 1 . . 2 . 1 Blast 9 | . . . . . . . . . 3 . 2 4 . . Melee Attacks 10 | . . . . . . . . . . 3 . 6 1 . Impact 3 | . . . . . . . . . . 3 . . . . Slashing . | . . . . . . . . . . . . . . . Piercing . | . . . . . . . . . . . . . . . Sneak Attacks 7 | . . . . . . . . . . . . 6 1 . Combat Hostiles . | . . . . . . . . . . . . . . . Follow-up Attacks . | . . . . . . . . . . . . . . . Damage Inflicted 14507 | 33 103 10 521 407 . 179 2071 781 3291 . 3454 3143 . 514 Guns 6432 | 33 103 10 342 276 . 102 1384 559 969 . 647 1506 . 501 Cannons 3309 | . . . . . . . . . 564 . 1401 1344 . . Explosions 4752 | . . . 179 130 . 77 687 222 1758 . 1406 293 . . Melee . | . . . . . . . . . . . . . . . Ramming 14 | . . . . 1 . . . . . . . . . 13 Kinetic 6593 | 33 103 10 331 91 . . 663 306 843 . 1554 2260 . 399 Thermal 2377 | . . . . 130 . 77 378 329 268 . 235 858 . 102 Explosive 3080 | . . . 179 . . . 368 68 1232 . 1233 . . . Electromagnetic 2443 | . . . 11 185 . 102 662 78 948 . 432 25 . . Impact . | . . . . . . . . . . . . . . . Slashing . | . . . . . . . . . . . . . . . Piercing . | . . . . . . . . . . . . . . . Highest Corruption 9 | . . . . 1 1 1 . 4 9 . 5 5 . . Average Corruption 5 | . . . . 1 1 1 . 2 9 . 5 5 . . Corruption Purged 5 | . . . . . . . . 5 . . . . . . Corruption Blocked 1 | . . . . . . . . . . . . . . 1 Effects 152 | . . . . 4 4 3 . 2 68 . 32 39 . . Message Errors 50 | . . . . 2 . 1 . . 22 . 12 13 . . Matter Fused 31 | . . . . . 1 1 . . 14 . 8 7 . . Heat Flow Errors 12 | . . . . . . . . . 3 . 3 6 . . Energy Discharges 13 | . . . . 1 . 1 . . 9 . . 2 . . Parts Fused 3 | . . . . . . . . . 2 . . 1 . . Data Loss (minor) 20 | . . . . 1 2 . . 1 9 . 5 2 . . Data Loss (major) 6 | . . . . . 1 . . . 2 . . 3 . . Misfires 5 | . . . . . . . . . 2 . 2 1 . . Alerts 8 | . . . . . . . . 1 5 . 2 . . . Weapon Failures 4 | . . . . . . . . . . . . 4 . . Overload Shots . | . . . . . . . . . . . . . . . Overflow Damage 435 | . . . 16 14 . . 18 44 11 . 200 132 . . Projectiles 335 | . . . . . . . . . 3 . 200 132 . . Explosions 100 | . . . 16 14 . . 18 44 8 . . . . . Melee . | . . . . . . . . . . . . . . . Knockbacks 15 | . . . . . . . . . 2 . 9 4 . . Impact . | . . . . . . . . . . . . . . . Kinetic 15 | . . . . . . . . . 2 . 9 4 . . Secondary . | . . . . . . . . . . . . . . . Self-Inflicted Damage 407 | . . . 2 67 . 40 110 . 76 . 42 70 . . Shots 16 | . . . 1 2 . 1 3 . 5 . 3 1 . . Rammed 3 | . . . . 1 . . . . . . . . . 2 Targets Rammed 13 | . . . . 1 . . . . . . . . . 12 Kicked 10 | . . . . . . . . . . . . . . 10 Crushed . | . . . . . . . . . . . . . . . Highest Temperature 402 | . . . 18 14 . 3 16 63 244 . 314 272 . 402 Average Temperature 68 | . . . 6 7 . 3 7 21 63 . 79 75 . 283 Received Heat Transfer 3039 | . . . 117 120 . . 342 78 600 . 741 561 . 480 Effects 2 | . . . . . . . . . . . 1 1 . . Shutdowns 1 | . . . . . . . . . . . 1 . . . Interference 1 | . . . . . . . . . . . . 1 . . Siege Activations . | . . . . . . . . . . . . . . . Martial Activations . | . . . . . . . . . . . . . . . Shielding Activations . | . . . . . . . . . . . . . . . Robots Disrupted . | . . . . . . . . . . . . . . . Combat Hostiles . | . . . . . . . . . . . . . . . Robots Corrupted 2 | . . . . . . . 1 . 1 . . . . . Combat Hostiles 1 | . . . . . . . 1 . . . . . . . Parts Fried 6 | . . . . 2 . 1 2 . . . 1 . . . Impact Corruptions . | . . . . . . . . . . . . . . . Robots Melted . | . . . . . . . . . . . . . . . Combat Hostiles . | . . . . . . . . . . . . . . . Parts Melted 3 | . . . . . . . . . 1 . 1 1 . . Heat Transferred 4330 | . . . . 150 . 50 548 618 766 . 475 1575 . 148 Parts Sabotaged . | . . . . . . . . . . . . . . . Parts Stolen . | . . . . . . . . . . . . . . . Parts Stripped . | . . . . . . . . . . . . . . . Power Chain Reactions 10 | . . . . 3 . 1 3 1 1 . . 1 . . Alert | -11 -10 -10 -9 -9 -9 -8 -8 -7 -7 -6 -6 -6 -5 -5 ------- Run | Yrd Mat Min Mat Min Exi Min Mat Fac Gar Fac Gar Ext Fac Gar Maximum Alert Level 4 | . . . . . . . 1 . 3 2 4 2 1 . Low Security (%) 46 | 100 100 100 100 100 . 100 94 100 9 . 10 . . 100 Level 1 15 | . . . . . . . 5 . 46 65 4 . 100 . Level 2 23 | . . . . . . . . . 25 34 24 100 . . Level 3 10 | . . . . . . . . . 18 . 35 . . . Level 4 4 | . . . . . . . . . . . 25 . . . Level 5 . | . . . . . . . . . . . . . . . High Security . | . . . . . . . . . . . . . . . Max Security . | . . . . . . . . . . . . . . . Peak Influence 1262 | 5 20 5 112 71 . 74 221 116 900 472 1262 697 282 170 Initial 662 | . . . . 11 . . 9 63 . 472 176 662 282 170 Average 348 | 1 . . 48 15 . 18 81 48 466 360 786 601 265 117 Influence Increases 3969 | 10 36 5 293 93 . 104 532 198 920 2 1146 593 12 25 Destroy 0b10 Robot/C 2100 | . 20 . 200 60 . 80 340 100 440 . 500 340 . 20 Destroy 0b10 Robot/NC 150 | 10 10 5 10 10 . . 55 5 15 . . 30 . . Destroy Leader 286 | . 2 . 40 10 . 20 64 30 40 . 40 40 . . Allied During Kill 19 | . . . . . . . . . . . . 19 . . Successful Hack 41 | . 4 . 5 . . . 5 5 . . . 5 12 5 Disable Machine 225 | . . . 15 . . . . 15 60 . 105 30 . . Anti-Garrison Action 550 | . . . . . . . . . 300 . 250 . . . Destroy Structure 223 | . . . 8 13 . 4 38 13 65 2 56 24 . . Lose Combat Pursuer 375 | . . . 15 . . . 30 30 . . 195 105 . . Influence Decreases 3954 | 10 36 5 263 123 . 80 417 337 20 650 136 1278 345 254 Entered New Map 1583 | . . . . 19 . . 15 76 . 428 76 600 295 74 Time Decay 1818 | 10 36 5 243 97 . 80 376 241 . 222 . 458 50 . Lost Part 403 | . . . 20 7 . . 26 20 20 . 60 110 . 140 Lost Ally 150 | . . . . . . . . . . . . 110 . 40 Squads Dispatched 8 | . . . . . . . 2 . . 1 . 5 . . Investigation 2 | . . . . . . . 1 . . . . 1 . . Extermination 1 | . . . . . . . . . . 1 . . . . Reinforcement 4 | . . . . . . . 1 . . . . 3 . . Assault 1 | . . . . . . . . . . . . 1 . . Garrison . | . . . . . . . . . . . . . . . Intercept . | . . . . . . . . . . . . . . . Searches Triggered . | . . . . . . . . . . . . . . . Construction Impeded 3 | . . . . . . . 1 . . . . 2 . . Haulers Reinforced . | . . . . . . . . . . . . . . . Active Scanning Responses . | . . . . . . . . . . . . . . . Cargo Convoy Interrupts . | . . . . . . . . . . . . . . . Stealth | -11 -10 -10 -9 -9 -9 -8 -8 -7 -7 -6 -6 -6 -5 -5 --------- Run | Yrd Mat Min Mat Min Exi Min Mat Fac Gar Fac Gar Ext Fac Gar Distress Signals 7 | . 1 . 1 . . . . 3 . . . 2 . . Communications Jammed . | . . . . . . . . . . . . . . . Distress Signals . | . . . . . . . . . . . . . . . Times Spotted 172 | . 5 3 19 3 . 4 22 15 22 1 33 35 . 10 Peak Tracking Total 10 | . 4 2 5 3 . 3 5 6 4 1 6 7 . 10 Tactical Retreats 17 | . . . 1 . . . 1 1 . . 9 5 . . Traps | -11 -10 -10 -9 -9 -9 -8 -8 -7 -7 -6 -6 -6 -5 -5 ------- Run | Yrd Mat Min Mat Min Exi Min Mat Fac Gar Fac Gar Ext Fac Gar Traps Triggered 24 | . . . . . . . 3 . 6 . 6 3 . 6 Indirectly . | . . . . . . . . . . . . . . . Trap Hack Attempts 1 | . . . . . . . . . . . . . . 1 Triggered . | . . . . . . . . . . . . . . . Disarmed . | . . . . . . . . . . . . . . . Reprogrammed 1 | . . . . . . . . . . . . . . 1 Reused . | . . . . . . . . . . . . . . . Traps Extracted . | . . . . . . . . . . . . . . . Installed . | . . . . . . . . . . . . . . . Triggered . | . . . . . . . . . . . . . . . Machines | -11 -10 -10 -9 -9 -9 -8 -8 -7 -7 -6 -6 -6 -5 -5 ---------- Run | Yrd Mat Min Mat Min Exi Min Mat Fac Gar Fac Gar Ext Fac Gar Machines Disabled 19 | . . . 1 . . . . 1 5 . 10 2 . . Max in Single Turn 3 | . . . 1 . . . . 1 3 . 2 1 . . Garrison Relay 3 | . . . . . . . . . . . 3 . . . Machines Repaired . | . . . . . . . . . . . . . . . Machines Dismantled 1 | . . . . . . . . . . . . 1 . . Machines Sabotaged . | . . . . . . . . . . . . . . . Overloaded Fab Kills . | . . . . . . . . . . . . . . . Hacking | -11 -10 -10 -9 -9 -9 -8 -8 -7 -7 -6 -6 -6 -5 -5 --------- Run | Yrd Mat Min Mat Min Exi Min Mat Fac Gar Fac Gar Ext Fac Gar Machines Accessed 24 | . 5 . 3 . 1 . 2 2 1 1 1 4 3 1 Terminals 20 | . 5 . 3 . . . 2 1 1 . 1 4 2 1 Fabricators . | . . . . . . . . . . . . . . . Repair Stations . | . . . . . . . . . . . . . . . Recycling Units . | . . . . . . . . . . . . . . . Scanalyzers . | . . . . . . . . . . . . . . . Garrison Access 3 | . . . . . . . . 1 . 1 . . 1 . Total Hacks 48 | . 13 . 5 . 1 . 5 6 1 1 2 9 4 1 Successful 21 | . 8 . 2 . 1 . 1 2 1 1 . 2 2 1 Failed 27 | . 5 . 3 . . . 4 4 . . 2 7 2 . Catastrophic 4 | . 1 . . . . . 1 1 . . . . 1 . Database Lockouts . | . . . . . . . . . . . . . . . Manual 16 | . 9 . . . 1 . . 2 . . . 1 3 . Terminals 44 | . 13 . 5 . . . 5 5 1 . 2 9 3 1 Fabricators . | . . . . . . . . . . . . . . . Repair Stations . | . . . . . . . . . . . . . . . Recycling Units . | . . . . . . . . . . . . . . . Scanalyzers . | . . . . . . . . . . . . . . . Garrison Access 3 | . . . . . . . . 1 . 1 . . 1 . Terminal Hacks 13 | . 5 . 2 . 1 . 1 . 1 . . 2 . 1 Record 1 | . 1 . . . . . . . . . . . . . Robot Analysis 3 | . 2 . 1 . . . . . . . . . . . Prototype ID Bank 1 | . . . . . . . 1 . . . . . . . Open Door 3 | . . . . . . . . . . . . 2 . 1 Branch Access Points 1 | . . . 1 . . . . . . . . . . . Emergency Access Points 1 | . . . . . . . . . 1 . . . . . Locate Traps 1 | . 1 . . . . . . . . . . . . . Zone Layout 1 | . 1 . . . . . . . . . . . . . Proto ID Catalog 1 | . . . . . 1 . . . . . . . . . Fabricator Hacks . | . . . . . . . . . . . . . . . Repair Station Hacks . | . . . . . . . . . . . . . . . Recycling Unit Hacks . | . . . . . . . . . . . . . . . Scanalyzer . | . . . . . . . . . . . . . . . Garrison Access Hacks 3 | . . . . . . . . 1 . 1 . . 1 . Unlock Access 3 | . . . . . . . . 1 . 1 . . 1 . Unauthorized Hacks 5 | . 3 . . . . . . 1 . . . . 1 . Terminals 5 | . 3 . . . . . . 1 . . . . 1 . Botnet 5 | . 3 . . . . . . 1 . . . . 1 . Fabricators . | . . . . . . . . . . . . . . . Repair Stations . | . . . . . . . . . . . . . . . Recycling Units . | . . . . . . . . . . . . . . . Scanalyzers . | . . . . . . . . . . . . . . . Garrison Access . | . . . . . . . . . . . . . . . Data Cores Recovered 1 | . . . 1 . . . . . . . . . . . Used . | . . . . . . . . . . . . . . . Hacking Detections 19 | . 3 . 2 . . . 2 2 1 1 1 4 3 . Full Trace Events 2 | . . . . . . . 1 . . . . 1 . . Feedback Events . | . . . . . . . . . . . . . . . Feedback Blocked . | . . . . . . . . . . . . . . . Robot Schematics Acquired . | . . . . . . . . . . . . . . . Robots Built . | . . . . . . . . . . . . . . . Authchips . | . . . . . . . . . . . . . . . Time . | . . . . . . . . . . . . . . . Total Robot Build Rating . | . . . . . . . . . . . . . . . Part Schematics Acquired . | . . . . . . . . . . . . . . . Parts Built . | . . . . . . . . . . . . . . . Authchips . | . . . . . . . . . . . . . . . Time . | . . . . . . . . . . . . . . . Total Part Build Rating . | . . . . . . . . . . . . . . . Parts Repaired . | . . . . . . . . . . . . . . . Time . | . . . . . . . . . . . . . . . Parts Recycled . | . . . . . . . . . . . . . . . Recycled Matter . | . . . . . . . . . . . . . . . Retrieved Matter . | . . . . . . . . . . . . . . . Retrieved Components . | . . . . . . . . . . . . . . . Parts Scanalyzed . | . . . . . . . . . . . . . . . Part Schematics Acquired . | . . . . . . . . . . . . . . . Parts Damaged . | . . . . . . . . . . . . . . . Bothacking | -11 -10 -10 -9 -9 -9 -8 -8 -7 -7 -6 -6 -6 -5 -5 ------------ Run | Yrd Mat Min Mat Min Exi Min Mat Fac Gar Fac Gar Ext Fac Gar Used RIF Installer 2 | . . . . . . . . . 1 . 1 . . . Program Shield 1 | . . . . . . . . . . . 1 . . . Robots Hacked 2 | . . . . . . . . . . . . 1 1 . Non-combat 2 | . . . . . . . . . . . . 1 1 . Combat . | . . . . . . . . . . . . . . . Robot Hacks Applied 2 | . . . . . . . . . . . . 1 1 . streamctrl_low 1 | . . . . . . . . . . . . . 1 . formatsys_low 1 | . . . . . . . . . . . . 1 . . Relay Couplers Released 13 | . . . . . . . . . . . 13 . . . Machine Destruction 13 | . . . . . . . . . . . 13 . . . Attached 1 | . . . . . . . . . . . . 1 . . Fabnet Peak Effective % . | . . . . . . . . . . . . . . . Robots Rewired 2 | . . . . . . . . . . . . 2 . . Allies Hacked . | . . . . . . . . . . . . . . . Hacks Repelled . | . . . . . . . . . . . . . . . Allies | -11 -10 -10 -9 -9 -9 -8 -8 -7 -7 -6 -6 -6 -5 -5 -------- Run | Yrd Mat Min Mat Min Exi Min Mat Fac Gar Fac Gar Ext Fac Gar Total Allies 9 | . . . . . . . . . . . . 6 1 2 Largest Group 3 | . . . . . . . . . . . . 3 1 2 Highest-Rated Group 92 | . . . . . . . . . . . . 81 10 92 Highest-Rated Ally 46 | . . . . . . . . . . . . 39 10 46 Total Orders . | . . . . . . . . . . . . . . . Ally Attacks 35 | . . . . . . . . . . . . 32 . 3 Total Damage 532 | . . . . . . . . . . . . 458 . 74 Kills 2 | . . . . . . . . . . . . 2 . . Allies Corrupted . | . . . . . . . . . . . . . . . Allies Melted . | . . . . . . . . . . . . . . . Intel | -11 -10 -10 -9 -9 -9 -8 -8 -7 -7 -6 -6 -6 -5 -5 ------- Run | Yrd Mat Min Mat Min Exi Min Mat Fac Gar Fac Gar Ext Fac Gar Active Infowar (turns) 7484 | 18 634 258 718 425 388 213 1044 644 1460 . 952 538 103 89 Optics 1352 | . . . . . . . . . . . 952 400 . . Sensors 731 | . . 239 492 . . . . . . . . . . . Terrain 963 | 18 634 18 . . . . . . . . . 138 103 52 Structural 2608 | . . 1 491 . . 15 . 641 1460 . . . . . Seismic 1238 | . . . 227 425 388 198 . . . . . . . . Machine Analysis 1653 | . . . . . . . 1044 609 . . . . . . ECM 38 | . . . . . . . . . . . . . 1 37 Robot Analysis Total 3 | . 2 . 1 . . . . . . . . . . . Derelict Logs Recovered 3 | . . 1 . 2 . . . . . . . . . . Drone Launches . | . . . . . . . . . . . . . . . Drone Recoveries . | . . . . . . . . . . . . . . . Exploration | -11 -10 -10 -9 -9 -9 -8 -8 -7 -7 -6 -6 -6 -5 -5 ------------- Run | Yrd Mat Min Mat Min Exi Min Mat Fac Gar Fac Gar Ext Fac Gar Turns Passed 10285 | 76 634 258 718 425 388 327 1045 644 2160 467 1757 1144 103 139 Spaces Moved 4959 | 55 442 137 343 264 285 223 455 289 791 119 516 643 252 145 Core 14 | 14 . . . . . . . . . . . . . . Treads 12 | . . . . . . . 6 . . . 6 . . . Legs 422 | . . . . . . . . . . . 198 222 . 2 Wheels 3752 | 41 442 137 343 264 285 223 449 289 791 119 312 57 . . Hover . | . . . . . . . . . . . . . . . Flight 759 | . . . . . . . . . . . . 364 252 143 Fastest Speed 32 | 50 80 140 135 135 135 135 116 110 170 255 255 34 32 32 Average Speed 156 | 72 128 140 151 135 135 135 141 122 231 255 266 117 32 33 Slowest Speed 650 | 80 140 140 215 135 135 135 330 140 255 255 650 260 34 120 Overloaded Moves . | . . . . . . . . . . . . . . . Propulsion Burnouts . | . . . . . . . . . . . . . . . Robots Hopped 2 | . . . . . . . . . . . . . 1 1 Potential Cave-ins . | . . . . . . . . . . . . . . . Cave-ins Triggered . | . . . . . . . . . . . . . . . Exploration Rate (%) 38 | 4 73 32 31 59 69 62 33 9 69 4 49 53 7 26 Regions Visited 14 Branch Regions 5 Pre-discovered Areas 1 | . . . . 1 . . . . . . . . . . Known Exits Taken 5 | . . . 1 . . 1 . 1 . 1 . . 1 . Unknown Exits Taken 7 | 1 1 1 . 1 1 . 1 . . . . 1 . . Scrap Searched 3 | . . 1 . . . 2 . . . . . . . . Spaces Dug 30 | . . . . . . . 11 . . 3 16 . . . Terrain Destroyed 202 | . . . 7 15 . 4 54 9 36 3 57 17 . . Melee 3 | . . . . . . . . . . 3 . . . . Projectile 30 | . . . . . . . . . 7 . 9 14 . . AOE 169 | . . . 7 15 . 4 54 9 29 . 48 3 . . Terrain Rammed . | . . . . . . . . . . . . . . . Walls Destroyed . | . . . . . . . . . . . . . . . Machines Disabled . | . . . . . . . . . . . . . . . Actions | -11 -10 -10 -9 -9 -9 -8 -8 -7 -7 -6 -6 -6 -5 -5 --------- Run | Yrd Mat Min Mat Min Exi Min Mat Fac Gar Fac Gar Ext Fac Gar Total 6833 | 85 491 201 490 312 290 238 775 531 1005 278 775 866 271 225 Wait 956 | 5 20 55 73 29 . 7 189 184 55 147 97 77 8 10 Move 4942 | 54 441 136 342 263 284 222 454 289 790 118 515 642 249 143 Hop 2 | . . . . . . . . . . . . . 1 1 Pick Up 123 | 14 10 7 16 2 1 1 22 9 8 4 15 7 4 3 Fast Attach 21 | 2 . . 1 . . . 5 1 2 . 2 4 4 . Attach 60 | 5 . . 4 1 2 . 7 5 5 2 10 11 2 6 Detach 8 | . . . . . 2 . 1 . 3 . . 2 . . Swap 83 | . 3 2 7 3 . 2 20 7 19 2 6 12 . . Drop 91 | 1 5 . 11 3 1 1 22 7 10 2 10 15 2 1 Fire 360 | 4 12 1 36 10 . 5 55 29 65 . 72 67 . 4 Melee 10 | . . . . . . . . . . 3 . 6 1 . Ram 3 | . . . . 1 . . . . . . . . . 2 Kick 10 | . . . . . . . . . . . . . . 10 Crush . | . . . . . . . . . . . . . . . Escape Stasis 155 | . . . . . . . . . 48 . 48 15 . 44 Rewire . | . . . . . . . . . . . . . . . Trap 1 | . . . . . . . . . . . . . . 1 Miscellaneous 8 | . . . . . . . . . . . . 8 . . Route ------- -11/Scrapyard -10/Materials (discovered 4 exits: *Mat x3 / [*Min]) -10/Mines -9/Materials (discovered 4 exits: Mat / *Min / Sto x2) -9/Mines (discovered 3 exits: *Mat x2 / *Exi) -9/Exiles -8/Mines -8/Materials -7/Factory -7/Garrison (discovered 2 exits: *Fac x2) -6/Factory -6/Garrison (discovered 2 exits: *Ext x2) -6/Extension -5/Factory -5/Garrison (discovered 1 exit: [*Fac]) History --------- Turn | Location | Event 12 | -11/Scrapyard | Discovered new exit (range 15) 77 | -11/Scrapyard | Entered Materials 78 | -10/Materials | Met a group of wandering Federalists 123 | -10/Materials | Discovered new exit (range 16) 206 | -10/Materials | Discovered new exit (range 13) 307 | -10/Materials | Build established: Mutant 341 | -10/Materials | Discovered new exit (range 8) 615 | -10/Materials | Discovered new exit (range 16) 711 | -10/Materials | Entered Mines 745 | -10/Mines | Met a Derelict bent on vengeance 822 | -10/Mines | Learned 2 Materials zone layouts 824 | -10/Mines | Found a Scrap Suit stashed away for nefarious purposes 826 | -10/Mines | Found Scrap Suit 927 | -10/Mines | Discovered new exit (range 7) 969 | -10/Mines | Entered Materials 969 | -9/Materials | Evolved 2 slots: Utility x2 970 | -9/Materials | Identified exit to Materials 1171 | -9/Materials | Identified exit to Mines 1171 | -9/Materials | Identified exit to Storage 1544 | -9/Materials | Build established: Scavenger-Mutant 1687 | -9/Materials | Entered Mines 1694 | -9/Mines | Received a Rocket Launcher from a helpful Derelict 1698 | -9/Mines | Discovered exit to Materials (range 13) 1774 | -9/Mines | Learned Materials interactive machine intel 1839 | -9/Mines | Discovered exit to Materials (range 4) 2102 | -9/Mines | Learned location of Zion (-6) 2106 | -9/Mines | Deemed a non-threat by the Exiles lab entrance 2106 | -9/Mines | Discovered new exit (range 5) 2112 | -9/Mines | Entered Exiles 2152 | -9/Exiles | Met 8R-AWN 2174 | -9/Exiles | Met EX-HEX 2212 | -9/Exiles | Met EX-BIN 2226 | -9/Exiles | Met EX-DEC 2329 | -9/Exiles | Aligned with FarCom system 2331 | -9/Exiles | Given EX-Vault access code 2362 | -9/Exiles | Opened EX-Vault 2372 | -9/Exiles | Found AWS/Gauss 2400 | -9/Exiles | Warned to stay clear of 0b10 Research branches 2482 | -9/Exiles | Discovered new exit (range 14) 2500 | -9/Exiles | Left Exiles lab with AWS/Gauss 2500 | -9/Exiles | Entered Mines 2785 | -8/Mines | Discovered exit to Materials (range 15) 2827 | -8/Mines | Entered Materials 2827 | -8/Materials | Evolved 2 slots: Propulsion x1, Utility x1 2828 | -8/Materials | Loaded intel: 18 interactive machine locations 3816 | -8/Materials | Discovered new exit (range 8) 3872 | -8/Materials | Entered Factory 3872 | -7/Factory | Evolved 2 slots: Propulsion x1, Utility x1 4174 | -7/Factory | Build established: Scavenger-Skirmisher 4516 | -7/Factory | Identified exit to Garrison 4516 | -7/Factory | Entered Garrison 4550 | -7/Garrison | Triggered checkpoint 4694 | -7/Garrison | Triggered checkpoint 4712 | -7/Garrison | Triggered checkpoint 4737 | -7/Garrison | Destroyed 7 combat bots 4884 | -7/Garrison | Triggered checkpoint 5034 | -7/Garrison | Discovered new exit (range 8) 5105 | -7/Garrison | Build established: Mutant 5220 | -7/Garrison | Triggered checkpoint 5417 | -7/Garrison | Heavy support dispatched to Factory 5488 | -7/Garrison | Discovered new exit (range 10) 5518 | -7/Garrison | Build established: Scavenger-Mutant 5893 | -7/Garrison | H-XX Assembler disabled 6240 | -7/Garrison | Triggered checkpoint 6271 | -7/Garrison | Build established: Mutant 6518 | -7/Garrison | Installed Relay Interface Framework 6676 | -7/Garrison | Entered Factory 6676 | -6/Factory | Evolved 2 slots: Utility x1, Weapon x1 6989 | -6/Factory | Build established: Tank 7135 | -6/Factory | Identified exit to Garrison 7143 | -6/Factory | Entered Garrison 7315 | -6/Garrison | Triggered checkpoint 7319 | -6/Garrison | Triggered checkpoint 7388 | -6/Garrison | Destroyed 7 combat bots 7402 | -6/Garrison | Triggered checkpoint 7626 | -6/Garrison | Discovered new exit (range 15) 7716 | -6/Garrison | Triggered checkpoint 7757 | -6/Garrison | Garrison Relay disabled 7889 | -6/Garrison | H-XX Assembler disabled 8235 | -6/Garrison | Build established: Skirmisher 8283 | -6/Garrison | Lost 3 parts (2n1w) 8439 | -6/Garrison | Triggered checkpoint 8552 | -6/Garrison | Garrison Relay disabled 8575 | -6/Garrison | Discovered new exit (range 17) 8648 | -6/Garrison | Triggered checkpoint 8756 | -6/Garrison | Build established: Scavenger-Skirmisher 8762 | -6/Garrison | Expanded RIF knowledge: Program Shield 8900 | -6/Garrison | Entered Extension 9391 | -6/Extension | Rescued a captive Derelict 9584 | -6/Extension | Rescued a captive Derelict 9584 | -6/Extension | Rescued a captive Derelict 9603 | -6/Extension | Lost 3 allies 9614 | -6/Extension | Build established: Scavenger-Tank 9775 | -6/Extension | Disrupted transfer network 9815 | -6/Extension | Spotted B-75 Beast 9849 | -6/Extension | Spotted B-75 Beast 9850 | -6/Extension | Destroyed B-75 Beast 9897 | -6/Extension | Core integrity fell below 50% 9933 | -6/Extension | Lost 9 parts (5n2u2w) 9950 | -6/Extension | First assault squad dispatched 10043 | -6/Extension | Discovered new exit (range 3) 10044 | -6/Extension | Entered Factory 10044 | -5/Factory | Evolved 2 slots: Utility x1, Weapon x1 10146 | -5/Factory | Identified exit to Garrison 10147 | -5/Factory | Entered Garrison 10184 | -5/Garrison | Spotted B-75 Beast 10189 | -5/Garrison | Triggered checkpoint 10207 | -5/Garrison | Discovered new exit (range 10) 10227 | -5/Garrison | Rescued a captive Derelict 10233 | -5/Garrison | Lost 4 parts (2u2w) 10245 | -5/Garrison | Triggered checkpoint 10279 | -5/Garrison | Core integrity fell below 50% 10286 | -5/Garrison | Self-destructed Last Messages --------------- 10270_ Penetrated by Slug. 10270_ Slammed into Y-64 Sentinel. 10271_ Y-64 Sentinel suffers critical hit (Destroy). 10272_ Slug penetrates Wall. 10272_ Dropped AWS/Gauss. 10273_ Imp. Targeting Computer destroyed. 10273_ Slug penetrates Reinforced Barrier. 10273_ S-27 Virus destroyed. 10273_ Identified VTOL Module. 10274_ Acquired 10 matter. 10274_ VTOL Module destroyed. 10275_ Acquired 10 matter. 10275_ Penetrated by Slug. 10277_ Critical hit (Meltdown: +330). 10277_ Imp. Corruption Screen destroyed. 10278_ Penetrated by Slug. 10281_ Identified Neutrino Core. 10281_ Relay Coupler [NC] destroyed. 10282_ Acquired 5 matter. 10284_ Penetrated by Slug. Map ----- +----------------------------------------------------+ | | | | | | | ?????????????????????????????????????????????????? | | ?????????????????????????????????????????????????? | | ?????????????????????????????????????????????????? | | ?????????????????????????????????????????????????? | | ?????????????????????????????????????????????????? | | ?????????????????????????????????????????????????? | | ?????????????????????????????????????????????????? | | ?????????????????????????????????????????????????? | | ?????????????????????????????????????????????????? | | ?????????????????????????????????????????????????? | | ?????????????????????????????????????????????????? | | ?????????????????????????????????????????????????? | | ?????????????????????????????????????????????????? | | ?????????????????????????????????????????????????? | | ?????????????????????????????????????????????????? | | ?????????????????????????????????????????????????? | | ?????????????????????????????????????????????????? | | ?????????????????????????????????????????????????? | | ?????????????????????????????????????????????????? | | ?????????????????????????#####???????????????????? | | ?????????????????????????#%CC#???????????????????? | | ??????????????????####+###BB #######?????????????? | | ??????????????????# shY@BBY #?????????????? | | ??????????????????## =#####Y+;### #?????????????? | | ??????????????????#""""?????# #??# #?????????????? | | ??????????????????####??????# ??# #?????????????? | | ????????????????????????????# #??# #?????????????? | | ????????????????????????????# #??# #?####????????? | | ????????????????????????????# #??# #?#%=#????????? | | ????????????????????????????# #??# ###[##????????? | | ????????????????????????????# #### ##%!T#????????? | | ????????????????????????????# " =! #????????? | | ????????????????????????????###### ## #????????? | | ?????????????????????????????????# ######????????? | | ?????????????????????????????????# #?????????????? | | ?????????????????????????????????# #???????#?????? | | ???????????????????????????????##" ##### < #?????? | | ???????????????????????????????# #?????? | | ???????????????????????????????# #?????? | | ???????????????????????????????# ##########?????? | | ???????????????????????????????# #??????????????? | | ???????????????????????????????# #??????????????? | | ?????????######""""######??????# #??????????????? | | ????????? ######## #??????????????? | | ????????? #??????????????? | | ????????? #??????????????? | | ?????????? ???# ## ###########??????????????? | +----------------------------------------------------+ Best States ------------- Heat Dissipation 56 Energy Generation 19 Energy Capacity 310 Matter Stores 300 Matter Capacity 300 Sight Range 20 Robot Scan Range 14 Terrain Scan Range 16 Terrain Scan Density 210 ECM Strength 1 EM Shielding 3 Corruption Block 9 Armor Coverage 750 Resistance: KI 20 Resistance: EX 25 Resistance: EM 25 Utility Shielding 66 Evasion (%) 63 Targeting Accuracy 11 Recoil Reduction 3 Offensive Hacking 12 Relay Coupler Types 1 Relay Coupler Value 33 Item Schematics ----------------- None Robot Schematics ------------------ None Fabricated ------------ Nothing Repaired ---------- Nothing Alien Tech Used ----------------- None Achievements -------------- None Challenges ------------ None Game ------ Seed BorePhysicsDoomcannon Manual? 0 Play Time 02:55:54 Cumulative 175.7 hours Start 2025.05.11 @ 13:33:22 End 2025.07.19 @ 08:06:54 Sessions 3 Manual Loads 0 Difficulty Rogue Special Mode None Game No. 114 Rogue 114 Adventurer 0 Explorer 0 Win Type - Total 4 Types 3/0/1/0/0/0/0/0/0/0 Lore% 53 Gallery% 52 Achievement% 50 Wizard Run 0 Options --------- Layout 2 ASCII 0 Keyboard 0 Movement Mouse Keybinds 0 Fullscreen 1 Font 48/Smallcaps Map View 55x44 Zoom Use 0% Tactical HUD 1 Map Filters NONE Filters NONE Steam 1 RUN: 45049b94-d625-48d6-bd39-d59d691af3c4